 Dungeon Crawl Stone Soup version 0.21.1-1-g345015fe64 (webtiles) character file.

3070 Nurfield the Destroyer (level 9, -1/76 HPs)
             Began as an Octopode Wizard on Apr 25, 2018.
             Was a Follower of Sif Muna.
             Slain by an iguana (5 damage)
             ... on level 8 of the Dungeon.
             The game lasted 01:57:08 (11369 turns).

Nurfield the Destroyer (Octopode Wizard)           Turns: 11369, Time: 01:57:09

Health: -1/76      AC: 24    Str:  3 (6)  XL:     9   Next: 88%
Magic:  20/20      EV:  2    Int: 21 (23) God:    Sif Muna [*.....]
Gold:   293        SH:  0    Dex:  9 (11) Spells: 12/23 levels left

rFire    . . .     SeeInvis .   s - +0 flail (protect)
rCold    . . .     Gourm    .   (no shield)
rNeg     + + +     Faith    .   (helmet currently unavailable)
rPois    +         Spirit   .   (no amulet)
rElec    .         Reflect  .   o - ring of poison resistance
rCorr    .         Harm     .   (no ring)
MR       .....     NoTele   +   (no ring)
Stlth    +.........             (no ring)
HPRegen  0.22/turn              (no ring)
MPRegen  0.17/turn              (no ring)
                                (no ring)
                                (no ring)

@: tree-form, silence (expiring)
A: almost no armour, stealthy swim, (amphibious), 8 rings, (constrict 8)
a: Renounce Religion


You were on level 8 of the Dungeon.
You worshipped Sif Muna.
Sif Muna was aware of your devotion.
You were not hungry.
You were a tree.
You visited 2 branches of the dungeon, and saw 9 of its levels.

You collected 293 gold pieces.

Inventory:

Hand Weapons
 i - a +0 spear
 s - a +0 flail of protection (weapon)
 v - a +0 falchion
 x - a +0 trident
Missiles
 n - 2 throwing nets (quivered)
Armour
 b - a +1 hat (melded)
Magical Staves
 a - an uncursed staff of fire
Jewellery
 o - a ring of poison resistance (left branch)
Wands
 t - a wand of random effects (57)
Scrolls
 d - 2 scrolls of amnesia
 e - 2 scrolls of enchant armour
 g - a scroll of teleportation
 j - 3 scrolls of identify
 p - a scroll of magic mapping
 z - a scroll of vulnerability {unknown}
Potions
 l - a potion of invisibility {unknown}
 m - a potion of curing {unknown}
 q - 2 potions of flight
 r - a potion of lignification
 u - a potion of haste {unknown}
 B - a potion of berserk rage {unknown}
Books
 A - a book of Minor Magic

   Spells                             Type                      Level
   a - Magic Dart                     Conjuration                  1
   b - Blink                          Translocation                2
   c - Call Imp                       Summoning                    2
   d - Slow                           Hexes                        2
   e - Conjure Flame                  Conjuration/Fire             3
   f - Mephitic Cloud                 Conjuration/Poison/Air       3
Comestibles
 c - 11 rations
 C - 4 chunks of flesh


   Skills:
 - Level 2.0 Dodging
 - Level 2.6 Stealth
 - Level 7.5 Spellcasting
 + Level 9.4 Conjurations
 - Level 4.9 Hexes
   Level 1.0 Summonings
 - Level 3.0 Translocations


You had 12 spell levels left.
You knew the following spells:

 Your Spells              Type           Power        Failure   Level  Hunger
c - Mephitic Cloud        Conj/Pois/Air  ###.....     7%          3    None
f - Magic Dart            Conj           ####         1%          1    None
g - Blink                 Tloc           N/A          3%          2    None
q - Slow                  Hex            ####....     1%          2    None
y - Conjure Flame         Conj/Fire      ####....     3%          3    None


Dungeon Overview and Level Annotations

Branches:
Dungeon (8/15)             Temple (1/1) D:6            Lair (0/6) D:8

Altars:
Ashenzari
Cheibriados
Dithmenos
Hepliaklqana
Kikubaaqudgha
Makhleb
Nemelex Xobeh
Okawaru
Qazlal
Ru
Sif Muna
Trog
Vehumet
Wu Jian
Xom
Zin
The Shining One

Shops:
D:7 *


Innate Abilities, Weirdness & Mutations

You cannot wear most types of armour.
You are very stealthy in the water. (Stealth+)
((You are amphibious.))
You can wear up to eight rings at the same time.
((You can use your tentacles to constrict eight enemies at once.))
((Your skin changes colour to match your surroundings (Stealth+).))
((Your rubbery body absorbs attacks. (AC +1, EV +1)))


Message History

* * * LOW HITPOINT WARNING * * *
You hit the iguana.
The iguana is moderately wounded.
The iguana bites you but does no damage. x2
You closely miss the iguana.
The iguana is lightly wounded.
The iguana bites you but does no damage.
You barely miss the iguana.
The iguana is lightly wounded.
The iguana bites you.
* * * LOW HITPOINT WARNING * * *
It was a potion of degeneration.
There was something very wrong with that liquid.
You feel weakened.
You feel dopey.
You feel clumsy.
The iguana bites you but does no damage.
Wield which item (- for none, * to show all)? (? for menu, Esc to quit)
Okay, then.
It was a potion of magic.
Magic courses through your body. The iguana bites you.
You die...

.....#.###.#.......
....#...#..........
#.......#..........
#...#........#.....
#####.#####............
#..##........##.#......
##...........##........
####..##....####......
##♣l§....####......
#§................
#§§§≈≈≈.≈≈≈≈≈.....
#..≈≈≈≈.≈≈≈≈≈.#...
#..≈≈≈≈.≈≈≈≈
##.≈≈≈≈.≈≈≈≈
#.≈≈≈≈..... #.......≈≈≈
#.÷≈≈;≈.≈≈≈


You could see an iguana.

Vanquished Creatures
  An ugly thing (D:6)
  Eustachio (D:4)
  A steam dragon (D:7)
  Edmund (D:5)
  An orc warrior (D:5)
  2 sky beasts (D:7)
  3 ogres
  The ghost of Ivernyr the Charmwright, an amateur DsSk (D:3)
  A centaur (D:6)
  4 bullfrogs
  A scorpion (D:4)
  2 vampire bats (D:5)
  2 electric eels
  3 crimson imps
  A quasit (D:7)
  2 centaur zombies
  2 orc priests
  3 hounds
  A jelly (D:7)
  A gnoll shaman (D:7)
  7 orc wizards
  A bullfrog skeleton (D:7)
  Natasha (thrice) (D:3)
  4 worker ants
  A hound skeleton (D:5)
  A howler monkey zombie (D:7)
  6 adders
  7 gnolls
  2 shadow imps (D:6)
  3 adder skeletons
  A worm (D:3)
  2 dart slugs (D:1)
  4 leopard geckos
  25 orcs
  21 giant cockroaches
  7 goblins
  6 hobgoblins
  10 jackals
  A quokka (D:3)
  3 ball pythons
  12 bats
  4 frilled lizards
  2 jackal skeletons
  10 kobolds
  A quokka skeleton (D:8)
  9 rats
  2 butterflies (D:3)
189 creatures vanquished.

Notes
Turn   | Place    | Note
-------+----------+-------------------------------------------
     0 | D:1      | Nurfield the Octopode Wizard began the quest for the Orb.
     0 | D:1      | Reached XP level 1. HP: 11/11 MP: 4/4
   250 | D:1      | Reached skill level 2 in Conjurations
   250 | D:1      | Reached XP level 2. HP: 17/17 MP: 1/6
  1302 | D:2      | Reached XP level 3. HP: 21/21 MP: 4/7
  1386 | D:2      | Learned a level 2 spell: Blink
  1390 | D:2      | Learned a level 3 spell: Mephitic Cloud
  1435 | D:2      | Reached skill level 3 in Conjurations
  1943 | D:2      | Found a hazy altar of Hepliaklqana.
  2425 | D:3      | Noticed Natasha
  2716 | D:3      | Reached XP level 4. HP: 27/27 MP: 0/8
  2722 | D:3      | Learned a level 3 spell: Conjure Flame
  3000 | D:3      | Reached skill level 4 in Conjurations
  3255 | D:3      | Noticed Ivernyr's ghost (amateur DsSk)
  3255 | D:3      | Reached XP level 5. HP: 30/31 MP: 1/9
  3445 | D:3      | Killed Natasha
  3558 | D:3      | Reached skill level 5 in Conjurations
  3582 | D:3      | Noticed Natasha
  3601 | D:3      | Killed Natasha
  3735 | D:3      | Noticed Natasha
  3740 | D:3      | Killed Natasha
  3827 | D:3      | Found a shimmering altar of Xom.
  4247 | D:3      | Reached XP level 6. HP: 35/36 MP: 4/11
  4254 | D:3      | Learned a level 2 spell: Slow
  4446 | D:3      | Killed Ivernyr's ghost
  5261 | D:4      | Reached XP level 7. HP: 41/41 MP: 12/14
  5347 | D:5      | Entered Level 5 of the Dungeon
  5347 | D:5      | Noticed Eustachio
  5513 | D:4      | Reached skill level 5 in Spellcasting
  5772 | D:5      | Reached skill level 1 in Hexes
  6171 | D:4      | Killed Eustachio
  6171 | D:4      | Reached skill level 6 in Conjurations
  6572 | D:5      | Reached skill level 7 in Conjurations
  6712 | D:5      | Reached XP level 8. HP: 46/46 MP: 3/16
  6943 | D:5      | Noticed Edmund
  7378 | D:5      | Found a shattered altar of Ashenzari.
  7484 | D:5      | Found the +4 Vampire's Tooth {vamp}
  7584 | D:6      | Found a shadowy altar of Dithmenos.
  7599 | D:6      | Noticed a green ugly thing
  8001 | D:6      | Found a snail-covered altar of Cheibriados.
  8501 | D:6      | Killed a green ugly thing
  8501 | D:6      | Reached XP level 9. HP: 42/51 MP: 5/20
  8762 | D:6      | Found a bloodstained altar of Trog.
  8841 | D:6      | Found a staircase to the Ecumenical Temple.
  8854 | Temple   | Entered the Ecumenical Temple
  8861 | Temple   | Became a worshipper of Sif Muna the Loreminder
  8939 | D:6      | Found a snail-covered altar of Cheibriados.
  9168 | D:5      | Killed Edmund
  9646 | D:7      | Found Rovate's Assorted Antiques.
  9764 | D:7      | Found a glowing silver altar of Zin.
  9886 | D:7      | Reached skill level 8 in Conjurations
 10391 | D:7      | Reached * piety under Sif Muna
 10837 | D:7      | Reached skill level 9 in Conjurations
 11171 | D:8      | Found a staircase to the Lair.
 11188 | D:8      | Found a glowing golden altar of the Shining One.
 11349 | D:8      | HP: 1/51 [electric eel/bolt of electricity (10)]
 11369 | D:8      | Slain by an iguana

Skill      XL: |  1  2  3  4  5  6  7  8  9 |
---------------+----------------------------+-----
Conjurations   | 2 3 4 5 7 9 |  9.4
Spellcasting   | 4 5 7 |  7.5
Hexes          | 1 4 |  4.9
Translocations | 3 |  3.0
Dodging        | |  2.0
Stealth        | |  2.6
Summonings     | |  1.0

Action                   |  1- 3 |  4- 6 |  7- 9 || total
-------------------------+-------+-------+-------++-------
Melee: Unarmed           |     1 |     1 |       ||     2
       Constrict         |       |     1 |    13 ||    14
       Tentacles         |       |     1 |     4 ||     5
       Falchion          |       |       |     4 ||     4
       Long sword        |       |       |     2 ||     2
       Flail             |       |       |    16 ||    16
       Staff             |       |       |     2 ||     2
 Cast: Magic Dart        |   122 |   133 |   398 ||   653
       Mephitic Cloud    |       |     3 |    11 ||    14
       Conjure Flame     |       |     2 |    22 ||    24
       Blink             |       |     1 |    11 ||    12
       Slow              |       |       |    27 ||    27
  Use: Scroll            |       |     4 |     8 ||    12
       Potion            |       |       |     4 ||     4
  Eat: Chunk             |     5 |     8 |    19 ||    32
Armor: Skin              |     2 |     1 |    57 ||    60
Dodge: Dodged            |    20 |     7 |    99 ||   126
       Rpst.: Long sword |       |       |    12 ||    12
       Falchion          |       |       |     8 ||     8
